 Dungeon Crawl Stone Soup version 0.31.0-11-ge490571c62 (webtiles) character file.

Game seed: 12670604383085711960

57 Skitler the Covert (level 4, -4/41 HPs)
             Began as a Gnoll Delver on Feb 3, 2024.
             Succumbed to a scorpion's poison
             ... on level 4 of the Dungeon.
             The game lasted 00:01:13 (451 turns).

Skitler the Covert (Gnoll Delver)                    Turns: 451, Time: 00:01:14

Health: -4/41      AC:  3    Str: 14    XL:     4   Next: 0%
Magic:  5/5        EV: 13    Int:  9    God:
Gold:   0          SH:  0    Dex: 13    Spells: 5/5 levels left

rFire   . . .        a - +0 hand axe
rCold   . . .        (no shield)
rNeg    . . .        b - +0 leather armour
rPois   .            (no helmet)
rElec   .            (no cloak)
rCorr   .            (no gloves)
SInv    .            (no boots)
Will    .....        (no amulet)
Stlth   ++++         (no ring)
HPRegen 0.26/turn    (no ring)
MPRegen 0.09/turn

%: no passive effects
@: lethally poisoned (-4 -> -29)
A: fangs 1, strong nose, distributed training
a: no special abilities


You were on level 4 of the Dungeon.
You visited 1 branch of the dungeon, and saw 2 of its levels.

Inventory:

Hand Weapons
 a - a +0 hand axe (weapon)
Armour
 b - a +0 leather armour (worn)
Wands
 g - a wand of digging (3)
Scrolls
 c - a scroll of fog
 d - a scroll of revelation


   Skills:
 + Level 6.6 Fighting
 + Level 1.0 Short Blades
 + Level 1.0 Long Blades
 + Level 4.6 Axes
 + Level 1.0 Maces & Flails
 + Level 1.0 Polearms
 + Level 1.0 Staves
 + Level 1.0 Ranged Weapons
 + Level 1.0 Throwing
 + Level 1.0 Armour
 + Level 4.6 Dodging
 + Level 9.6 Stealth
 + Level 1.0 Shields
 + Level 1.0 Unarmed Combat
 + Level 1.0 Spellcasting
 + Level 0.8 Conjurations
 + Level 0.8 Hexes
 + Level 0.8 Summonings
 + Level 0.8 Necromancy
 + Level 0.8 Translocations
 + Level 0.8 Fire Magic
 + Level 0.8 Ice Magic
 + Level 0.8 Air Magic
 + Level 0.8 Earth Magic
 + Level 0.8 Alchemy
 + Level 1.1 Invocations
 + Level 1.0 Evocations
 + Level 1.0 Shapeshifting


You had 5 spell levels left.
You didn't know any spells.
Your spell library was empty.

Dungeon Overview and Level Annotations

Branches:
Dungeon (5/15)
 Temple: D:4-7

Altars:
Ru


Innate Abilities, Weirdness & Mutations

You have very sharp teeth.
Your uncanny sense of smell can sniff out nearby items.
Your experience applies equally to all skills.


Message History

You see here an adder corpse.
A gnoll comes into view. It is wielding a +0 spear.
A gnoll comes into view. It is wielding a +0 whip.
The gnoll barely misses you. The gnoll hits you with a +0 spear.
You closely miss the gnoll. The gnoll hits you with a +0 spear.
You aren't carrying any potions.
The gnoll shouts!
You hit the gnoll.
The gnoll is heavily wounded.
You hear a shout! x2
The gnoll hits you with a +0 spear. The gnoll closely misses you.
You hit the gnoll.
The gnoll is severely wounded.
The gnoll hits you with a +0 spear!
You are too injured to fight recklessly!
As you read the scroll of fear, it crumbles to dust.
You assume a fearsome visage.
The gnoll looks frightened! x3
A scorpion comes into view.
You aren't carrying any potions.
As you read the scroll labelled KEUMNENKOM, it crumbles to dust.
It is a scroll of identify.
You don't currently have any unidentified items.
The scorpion stings you.
You are poisoned.
The scorpion poisons you!
You hit the scorpion but do no damage.
You feel very sick. The scorpion stings you.
* * * LOW HITPOINT WARNING * * *
You are lethally poisoned!
The scorpion poisons you!
* * * LOW HITPOINT WARNING * * *
You feel very sick. The scorpion stings you.
* * * LOW HITPOINT WARNING * * *
You are more poisoned.
The scorpion poisons you!
Unknown command.
You die...

.. ... .. ...< ....... ∆
.#..#... .#.##... ###
....#.... ###8##
##.........##8...8
##@.........##.....
####...........#>.....
##.....s........##.....
##......##.......##8...8
#...##..# .##..#. ###8##
#...#...## .#... ###
##..........## ..
#####....##.........
#........##.#..g....


You could see a scorpion.

Vanquished Creatures
  A hound (D:5)
  3 adders
4 creatures vanquished.

Notes
Turn   | Place    | Note
-------+----------+-------------------------------------------
     0 | D:5      | Reached skill level 9 in Stealth
     0 | D:5      | Skitler the Gnoll Delver began the quest for the Orb.
     0 | D:5      | Reached XP level 1. HP: 23/23 MP: 1/1
    12 | D:4      | Found a sacrificial altar of Ru.
    28 | D:5      | Noticed a hound
    39 | D:5      | Killed a hound
    40 | D:5      | Reached XP level 2. HP: 14/29 MP: 1/3
    40 | D:5      | Reached XP level 3. HP: 18/35 MP: 1/4
    48 | D:5      | Reached skill level 1 in Invocations
    49 | D:5      | Reached skill level 1 in Short Blades
    49 | D:5      | Reached skill level 1 in Long Blades
    49 | D:5      | Reached skill level 1 in Maces & Flails
    49 | D:5      | Reached skill level 1 in Polearms
    49 | D:5      | Reached skill level 1 in Staves
    49 | D:5      | Reached skill level 1 in Ranged Weapons
    49 | D:5      | Reached skill level 1 in Throwing
    49 | D:5      | Reached skill level 1 in Armour
    49 | D:5      | Reached skill level 1 in Shields
    49 | D:5      | Reached skill level 1 in Unarmed Combat
    49 | D:5      | Reached skill level 1 in Spellcasting
    49 | D:5      | Reached skill level 1 in Evocations
   298 | D:4      | Reached skill level 1 in Shapeshifting
   298 | D:4      | Reached XP level 4. HP: 14/41 MP: 5/5
   446 | D:4      | Noticed a scorpion
   450 | D:4      | HP: 1/41 [scorpion (6)]
   451 | D:4      | Succumbed to a scorpion's poison

Illustrated notes

Levels and vault maps discovered:
D:4:      layout_cave_pools, nicolae_overflow_hidden_temple, corexii_checkpoint,
          minmay_diced_spiral, uniq_blork_the_orc
D:5:      layout_loops_ring, grunt_ministairs_13, nicolae_figureground_pulse

Skill      XL: |  1  2  3 |
---------------+----------+-----
Stealth        | |  9.6
Invocations    | 1 |  1.1
Short Blades   | 1 |  1.0
Long Blades    | 1 |  1.0
Maces & Flails | 1 |  1.0
Polearms       | 1 |  1.0
Staves         | 1 |  1.0
Ranged Weapons | 1 |  1.0
Throwing       | 1 |  1.0
Armour         | 1 |  1.0
Shields        | 1 |  1.0
Unarmed Combat | 1 |  1.0
Spellcasting   | 1 |  1.0
Evocations     | 1 |  1.0
Shapeshifting  | 1 |  1.0
Fighting       | |  6.6
Axes           | |  4.6
Dodging        | |  4.6
Conjurations   | |  0.8
Hexes          | |  0.8
Summonings     | |  0.8
Necromancy     | |  0.8
Translocations | |  0.8
Fire Magic     | |  0.8
Ice Magic      | |  0.8
Air Magic      | |  0.8
Earth Magic    | |  0.8
Alchemy        | |  0.8

Action                     |  1- 3 |  4- 6 || total
---------------------------+-------+-------++-------
  Melee: Hand axe          |    27 |     4 ||    31
         Bite              |     1 |       ||     1
    Use: Potion            |     1 |       ||     1
         Scroll            |       |     2 ||     2
 Armour: Leather armour    |    23 |     7 ||    30
  Dodge: Dodged            |    20 |     2 ||    22
